 Dungeon Crawl Stone Soup version 0.26-a0-651-gb41185065b (webtiles) character file.

Game seed: 16944662564005563806

2619 Lanoc the Slicer (level 9, -7/48 HPs)
             Began as a Spriggan Berserker on Oct 31, 2020.
             Was an Elder of Trog.
             Mangled by a wight
             ... wielding a +4 halberd
              (11 damage)
             ... on level 9 of the Dungeon.
             The game lasted 00:09:09 (6935 turns).

Lanoc the Slicer (Spriggan Berserker)               Turns: 6935, Time: 00:09:09

Health: -7/48      AC:  2    Str: 13    XL:     9   Next: 34%
Magic:  10/10      EV: 26    Int:  9    God:    Trog [****..]
Gold:   379        SH:  0    Dex: 18    Spells: 8/8 levels left

rFire    . . .     SeeInvis +   n - +1 dagger (venom)
rCold    . . .     Faith    .   (shield restricted)
rNeg     . . .     Spirit   .   b - +0 animal skin
rPois    .         Reflect  .   (helmet restricted)
rElec    .         Harm     .   u - scarf {shadows}
rCorr    .         Rampage  .   (gloves unavailable)
MR       +....     Rnd*Tele +   (boots unavailable)
Stlth    ++........             (no amulet)
HPRegen  0.16/turn              k - ring of teleportation (curse)
MPRegen  0.12/turn              (no ring)

@: berserk cooldown, slowed, lightly drained, quick
A: very small, unfitting armour, see invisible, speed 3
a: Berserk, Trog's Hand, Brothers in Arms, Renounce Religion


You were on level 9 of the Dungeon.
You worshipped Trog.
Trog was greatly pleased with you.
You visited 2 branches of the dungeon, and saw 10 of its levels.

You collected 379 gold pieces.

Inventory:

Hand Weapons
 n - a +1 dagger of venom (weapon)
Armour
 b - a +0 animal skin (worn)
 u - a scarf of shadows (worn)
Jewellery
 k - a cursed ring of teleportation (left hand)
 x - an uncursed ring of resist corrosion {unknown}
Wands
 j - a wand of random effects (10)
 l - a wand of flame (15)
 p - a wand of enslavement (6)
 w - a wand of paralysis (8)
Scrolls
 c - 2 scrolls of magic mapping {unknown}
 d - 4 scrolls of remove curse {unknown}
 e - 3 scrolls of teleportation
 f - 6 scrolls of identify
 o - a scroll of enchant weapon {unknown}
 q - a scroll of immolation {unknown}
 r - a scroll of fear {unknown}
 v - a scroll of torment {unknown}
Potions
 a - a potion of lignification {unknown}
 g - 2 potions of mutation {unknown}
 h - a potion of haste {unknown}
 i - 2 potions of berserk rage
 m - a potion of might {unknown}
 s - a potion of ambrosia {unknown}
 t - a potion of resistance {unknown}


   Skills:
 + Level 5.8(5.5) Fighting
 * Level 10.4(10.0) Short Blades
 + Level 10.1(9.8) Dodging


You had 8 spell levels left.
You didn't know any spells.
Your spell library was empty.

Dungeon Overview and Level Annotations

Branches:
Dungeon (9/15)             Temple (1/1) D:5
   Lair: D:8-11         Orc: D:9-12

Altars:
Cheibriados
Ru
Zin

Annotations:
D:3 2 transporters, p0werm0de's ghost, amateur NaCK


Innate Abilities, Weirdness & Mutations

You are very small and have problems with some larger weapons.
You are too small for most types of armour.
You have supernaturally acute eyesight. (SInv)
You cover ground extremely quickly.


Message History

The wight is heavily damaged.
The wight hits you with a +4 halberd.
You feel drained.
You completely miss the wight.
The wight is heavily damaged.
The wight hits you with a +4 halberd!!
* * * LOW HITPOINT WARNING * * *
You are too injured to fight recklessly!
Things that are here:
a +1 war axe of freezing; a +0 robe You see here a scroll of identify.
You open the door. 3 orcs and an orc wizard come into view.
The orc shouts!
The orc wizard shouts!
The orc shouts! x2
The wight barely misses you.
You hit the orc.
The orc is poisoned.
The orc is moderately wounded.
The orc hits you with a +0 short sword!
* * * LOW HITPOINT WARNING * * *
The wight hits you from afar with a +4 halberd!
You die...

# ### # o... #
######o.... #
#######oz.@oo....
#######...))z.####.....
z.z.....####### ....
######### ... # ##


You could see 2 wights, an orc wizard and 4 orcs.

Vanquished Creatures
  2 orc warriors
  A phantom (D:7)
  A sky beast (D:6)
  2 ogres
  A centaur (D:5)
  4 bullfrogs
  A wyvern skeleton (D:6)
  2 scorpions
  4 killer bees (D:8)
  5 wights
  4 howler monkeys
  A hound (D:5)
  6 orc priests
  2 bullfrog skeletons (D:4)
  7 orc wizards
  Ijyb (D:5)
  3 iguanas
  6 worker ants
  2 hound skeletons
  2 worker ant zombies
  A howler monkey skeleton (D:6)
  12 gnolls
  7 adders
  A shadow imp (D:6)
  3 white imps
  6 ufetubi
  3 oozes
  2 worms
  A leopard gecko (D:4)
  23 orcs
  3 giant cockroaches
  A goblin (D:3)
  2 hobgoblins
  2 jackals (D:5)
  4 quokkas
  2 ball pythons
  A bat (D:3)
  2 frilled lizards
  2 kobolds
  A quokka skeleton (D:4)
  2 rats
138 creatures vanquished.

Notes
Turn   | Place    | Note
-------+----------+-------------------------------------------
     0 | D:1      | Lanoc the Spriggan Berserker began the quest for the Orb.
     0 | D:1      | Reached XP level 1. HP: 11/11 MP: 2/2
   253 | D:2      | Found a faded altar of an unknown god.
   271 | D:3      | Reached XP level 2. HP: 16/16 MP: 3/3
   559 | D:3      | Reached XP level 3. HP: 19/19 MP: 4/4
   609 | D:3      | Found a transporter.
   609 | D:3      | Identified the +7 dire flail of Stickiness {drain, +Blink
                  | Int+5}
   609 | D:3      | Noticed an ogre
   609 | D:3      | Noticed p0werm0de's ghost (amateur NaCK)
   611 | D:3      | Found a transporter.
   612 | D:3      | Noticed an ogre
   781 | D:4      | Reached skill level 5 in Dodging
   860 | D:4      | Reached XP level 4. HP: 24/24 MP: 5/5
   866 | D:4      | Reached skill level 5 in Short Blades
   866 | D:4      | Reached XP level 5. HP: 26/28 MP: 6/6
  1612 | D:3      | Reached XP level 6. HP: 12/32 MP: 7/7
  1948 | D:4      | Reached ** piety under Trog
  2150 | D:5      | Entered Level 5 of the Dungeon
  2270 | D:5      | Noticed Ijyb
  2280 | D:5      | Killed Ijyb
  2540 | D:5      | Reached XP level 7. HP: 37/37 MP: 8/8
  2664 | D:5      | Found a sacrificial altar of Ru.
  3817 | D:5      | Found a staircase to the Ecumenical Temple.
  3844 | Temple   | Entered the Ecumenical Temple
  4240 | D:6      | Reached XP level 8. HP: 42/42 MP: 9/9
  4926 | D:6      | Reached *** piety under Trog
  4969 | D:6      | Reached skill level 5 in Fighting
  5194 | D:6      | Found a sacrificial altar of Ru.
  5841 | D:7      | Reached XP level 9. HP: 47/47 MP: 10/10
  6127 | D:8      | Reached skill level 10 in Short Blades
  6411 | D:8      | Reached skill level 10 in Dodging
  6714 | D:8      | Found a snail-covered altar of Cheibriados.
  6921 | D:9      | Reached **** piety under Trog
  6935 | D:9      | Mangled by a wight

Illustrated notes

Levels and vault maps discovered:
D:1:      minmay_arrival_solitary_statue, layout_basic
D:2:      layout_loops_corners, gammafunk_temple_overflow_wave,
          nicolae_overflow_hidden_temple,
          chequers_ecumenical_altar_simple_redux, kennysheep_generic_room_10
D:3:      layout_rooms, gammafunk_ghost_smash
D:4:      layout_rooms
D:5:      layout_loops_corners, minmay_temple_entry_trees,
          nicolae_ru_sacrificial_ziggurat, uniq_ijyb
D:6:      layout_rooms, basic_altar
D:7:      layout_rooms, minivault_22, minmay_holes
D:8:      layout_cave_pools, basic_altar, corexii_leaking_fountain
D:9:      layout_roguey [special_room_bee], david_orc_3, uniq_prince_ribbit1,
          uniq_maggie
Temple:   minmay_crystal_spiral_temple

Skill      XL: |  1  2  3  4  5  6  7  8  9 |
---------------+----------------------------+-----
Short Blades   | 4 5 6 8 9 10 | 10.4
Dodging        | 5 6 8 9 10 | 10.1
Fighting       | 3 4 5 |  5.8

Action                   |  1- 3 |  4- 6 |  7- 9 || total
-------------------------+-------+-------+-------++-------
Melee: Short sword       |    50 |   145 |   193 ||   388
       Dagger            |       |       |   267 ||   267
Invok: Berserk           |     4 |     8 |    19 ||    31
Evoke: Wand              |       |       |     8 ||     8
  Use: Scroll            |       |       |     2 ||     2
 Stab: Sleeping          |     3 |       |     5 ||     8
Armor: Animal skin       |     1 |     1 |    14 ||    16
Dodge: Dodged            |    24 |    95 |   341 ||   460

Table legend: (Time is in decaauts)
 A = Elapsed time spent in this place.
 B = Non-inter-level travel time spent in this place.
 C = Inter-level travel time spent in this place.
 D = Time resting spent in this place.
 E = Time spent auto-exploring this place.
 F = Levels seen in this place.
 G = Mean time per level.
                   A        B        C        D        E       F      G
               +--------+--------+--------+--------+--------+-----+--------+
         Total |   5802 |   5631 |    171 |    312 |   4380 |  10 |  580.2 |
       Dungeon |   5801 |   5630 |    171 |    312 |   4380 |   9 |  644.6 |
        Temple |      1 |      1 |      0 |      0 |      0 |   1 |    1.0 |
               +--------+--------+--------+--------+--------+-----+--------+

Top non-repeatable levels by time:
     D:5: 2228 daAuts
     D:4: 955 daAuts
     D:3: 680 daAuts
     D:7: 654 daAuts
     D:8: 575 daAuts
     D:6: 395 daAuts
     D:1: 210 daAuts
     D:9: 74 daAuts
     D:2: 27 daAuts
  Temple: 1 daAuts
